 Dungeon Crawl Stone Soup version 0.21.1-1-g345015f (webtiles) character file.

10490 Monsterracer the Covert (level 11, -2/56 HPs)
             Began as a Spriggan Hunter on Feb 16, 2018.
             Was an Elder of Dithmenos.
             Slain by an ice devil (5 damage)
             ... in an ice cave.
             The game lasted 00:50:39 (21440 turns).

Monsterracer the Covert (Spriggan Hunter)          Turns: 21440, Time: 00:50:39

Health: -2/56      AC:  8    Str: 11    XL:     11   Next: 36%
Magic:  16/16      EV: 27    Int: 14    God:    Dithmenos [****..]
Gold:   2200       SH:  7    Dex: 16    Spells: 9/10 levels left

rFire    + . .     SeeInvis +   a - +3 sling "Punk" {acid, rCorr}
rCold    + . .     Gourm    .   t - +0 buckler
rNeg     . . .     Faith    .   q - +1 robe {rC+ rF+}
rPois    .         Spirit   .   d - +2 hat {MR+}
rElec    .         Reflect  .   f - +2 cloak
rCorr    +         Harm     .   (gloves unavailable)
MR       ++...                  (boots unavailable)
Stlth    +++++++...             (no amulet)
HPRegen  0.18/turn              D - +2 ring of evasion
MPRegen  0.15/turn              (no ring)

@: very slightly contaminated, wreathed by umbra, invisible, very quick
A: very small, unfitting armour, see invisible, herbivore, speed 3, slow
metabolism 2
a: Shadow Step, Renounce Religion


You were in an ice cave.
You worshipped Dithmenos.
Dithmenos was greatly pleased with you.
You were not hungry.

You visited 2 branches of the dungeon, and saw 11 of its levels.
You also visited: Ossuary and Ice Cave.

You collected 2317 gold pieces.
You spent 117 gold pieces at shops.

Inventory:

Hand Weapons
 a - the +3 sling "Punk" (weapon) {acid, rCorr}
   (You took it off a crimson imp on level 9 of the Dungeon)

   It protects you from acid and corrosion.
 b - a +0 rapier
 w - a +3 dagger of freezing
Missiles
 A - 325 stones (quivered)
 B - 50 sling bullets
Armour
 d - a +2 hat of magic resistance (worn)
 f - a +2 cloak (worn)
 p - a +2 robe
 q - a +1 robe of resistance (worn)
 t - a +0 buckler (worn)
 x - the +2 cloak of an ossuary {rElec Str-4 SInv}
   (You acquired it on level 8 of the Dungeon)

   It affects your strength (-4).
   It insulates you from electricity.
   It lets you see invisible.
Jewellery
 D - a +2 ring of evasion (left hand)
Wands
 h - a wand of digging (15)
 m - a wand of iceblast (16)
Scrolls
 e - 4 scrolls of teleportation
 i - 2 scrolls of enchant weapon
 u - a scroll of enchant armour
 v - a scroll of blinking
 y - a scroll of remove curse
 C - a scroll of fear {!r}
Potions
 g - a potion of cancellation
 j - 4 potions of heal wounds
 k - 2 potions of invisibility
 l - 3 potions of curing
 n - 3 potions of brilliance
 o - a potion of resistance
 r - a potion of ambrosia {!q}
 s - 2 potions of flight
 E - a potion of agility
 F - a potion of haste {unknown}
Comestibles
 c - 3 rations


   Skills:
 + Level 5.3 Fighting
 * Level 9.6 Short Blades
 * Level 7.4 Slings
   Level 7.1 Crossbows
 + Level 9.4 Dodging
 + Level 9.7 Stealth
 + Level 3.8 Shields
 + Level 5.6 Invocations


You had 9 spell levels left.
You knew the following spells:

 Your Spells              Type           Power        Failure   Level  Hunger
v - Summon Butterflies    Summ           #.......     36%         1    ##.....


Dungeon Overview and Level Annotations

Branches:
Dungeon (10/15)            Temple (0/1) D:7            Lair (1/6) D:8
    Orc: D:9-12

Altars:
Dithmenos
Elyvilon
Fedhas
Trog
Xom
Zin

Shops:
D:4 :   D:5 [

Annotations:
Lair:1 Gastronok


Innate Abilities, Weirdness & Mutations

You are very small and have problems with some larger weapons.
You are too small for most types of armour.
You have supernaturally acute eyesight. (SInv)
You are a herbivore.
You cover ground extremely quickly.
You need consume almost no food.


Message History

You are engulfed in freezing vapours.
You resist.
* * * LOW HITPOINT WARNING * * *
Found an iridescent mace.
You take 3 damage, and have 25/56 hp.
Found a long smoking staff.
A - 320 stones (gained 1)
A - 321 stones (gained 1)
A - 322 stones (gained 1)
Found a leather armour.
A - 323 stones (gained 1)
A white imp comes into view.
Found a centaur barding of cold resistance and a glaive of freezing.
The +3 sling "Punk" {acid, rCorr} stops oozing corrosive slime.
b - a +0 rapier (weapon)
You hit the white imp.
The white imp is lightly wounded.
The white imp gestures at you. The puff of frost misses you.
You hit the white imp.
The white imp is severely wounded.
You block the white imp's attack.
You hit the white imp.
You kill the white imp!
Dithmenos accepts your kill.
You see here a glaive of freezing.
You see here a leather armour.
You see here a long smoking staff.
z - an iridescent mace You drop an iridescent mace.
You see here a centaur barding of cold resistance.
You start resting.
You regained 15 hp, and now have 44/56 hp.
You start resting.
You are feeling hungry.
You regained 2 hp, and now have 47/56 hp.
You eat one of the 4 rations.
That ration really hit the spot!
A - 325 stones (gained 2)
You are engulfed in freezing vapours.
You resist.
You take 7 damage, and have 40/56 hp.
There are no items here.
You are engulfed in freezing vapours.
You resist.
You take 7 damage, and have 36/56 hp.
You are engulfed in freezing vapours.
You resist.
A - 327 stones (gained 2)
You take 6 damage, and have 30/56 hp.
There are no items here.
An ice devil comes into view.
An ice devil comes into view.
An ice devil comes into view.
A - 328 stones (gained 1)
A - 329 stones (gained 1)
You are engulfed in freezing vapours.
You resist.
* * * LOW HITPOINT WARNING * * *
You take 11 damage, and have 21/56 hp.
You are engulfed in freezing vapours.
You resist.
* * * LOW HITPOINT WARNING * * *
You take 3 damage, and have 18/56 hp.
The +3 sling "Punk" {acid, rCorr} begins to ooze corrosive slime!
a - the +3 sling "Punk" (weapon)
{acid, rCorr} Firing (i - inventory. (,) - cycle):
A - 329 stones (quivered)
Press: ? - help, Shift-Dir - straight line, f - ice devil
Aim: an ice devil (umbra)
You shoot a stone.
The stone hits the ice devil but does no damage.
The ice devil is splashed with acid.
The acid corrodes the ice devil!
The ice devil is lightly wounded.
Firing (i - inventory. (,) - cycle):
A - 328 stones (quivered)
Press: ? - help, Shift-Dir - straight line, f/p - ice devil
Aim: an ice devil (lightly wounded, covered in acid, umbra)
You shoot a stone.
The stone hits the ice devil but does no damage.
The ice devil is splashed with acid.
The ice devil is moderately wounded.
Firing (i - inventory. (,) - cycle):
A - 327 stones (quivered)
Press: ? - help, Shift-Dir - straight line, f/p - ice devil
Aim: an ice devil (moderately wounded, covered in acid, umbra)
You shoot a stone. The stone hits the ice devil.
The ice devil is splashed with acid.
The ice devil is heavily wounded.
The ice devil hits you!
* * * LOW HITPOINT WARNING * * *
The ice devil freezes you. You resist.
* * * LOW HITPOINT WARNING * * *
You take 17 damage, and have 2/56 hp.
MASSIVE DAMAGE!!
Press: ? - help, v - describe, . - travel, g - get item
Here: an ice devil (heavily wounded, covered in acid, umbra)
A stone.
The floor.
You fade into invisibility!
The ice devil completely misses you.
You are very lightly contaminated with residual magic.
Firing (i - inventory. (,) - cycle):
A - 326 stones (quivered)
Press: ? - help, Shift-Dir - straight line, f/p - ice devil
Aim: an ice devil (heavily wounded, covered in acid, umbra)
You shoot a stone. The stone hits the ice devil!
The ice devil is splashed with acid.
The acid corrodes the ice devil!
The ice devil is severely wounded.
Your shadow shoots a stone.
The stone closely misses the ice devil.
The stone disappears in a puff of smoke!
The ice devil hits you.
You die...

##.## #### ##...## ##..##
##.....# #....## #......##
##..#..## ##..§....#
#.###...# #........#
..####..###.......########
..#..##..#.§§..#§#§.##...#
.##..[##..≈...##@#§§##.).#
.#....##..§.###.4#§§§#...#
##....###...#...(§§§§##.##
#....## #...#..(.§§§§§#.##
##.#.## #...#...####§§#§[#
.###..# #........§§§§§§§|#
.##...# #..#.....§§§..#§)#
......# ##.##..#.#§§#.#.##
...#..# #..#.##.#§§###.##


You could see an ice devil.

Vanquished Creatures
  A hydra (Lair:1)
  Erica (Lair:1)
  2 ice statues (IceCv)
  A komodo dragon (D:8)
  8 ice devils
  5 hippogriffs
  Sigmund (D:2)
  A water moccasin (Lair:1)
  2 sky beasts
  5 black bears
  3 ice beasts
  4 orc warriors
  3 phantoms
  A necrophage (D:9)
  7 ogres
  5 centaurs
  2 bullfrogs
  4 scorpions
  10 killer bees
  3 wights (D:7)
  6 howler monkeys
  5 crimson imps
  A bullfrog zombie (D:9)
  4 centaur zombies (Ossuary)
  A jelly (D:6)
  A centaur skeleton (D:6)
  2 bullfrog skeletons
  4 hounds
  5 orc priests
  7 orc wizards
  An iguana (D:5)
  4 worker ants
  An ogre zombie (Ossuary)
  A big kobold zombie (Ossuary)
  7 mummies (Ossuary)
  8 gnolls
  A howler monkey skeleton (D:7)
  9 adders
  A shadow imp (D:7)
  8 white imps (IceCv)
  6 ufetubi (IceCv)
  An ooze (D:2)
  An adder skeleton (D:6)
  8 adder zombies
  2 worms (D:2)
  2 dart slugs
  7 leopard geckos
  33 orcs
  2 ball pythons
  7 bats
  8 giant cockroaches
  6 goblins
  5 hobgoblins
  5 jackals
  3 quokkas
  5 frilled lizards
  2 gnoll zombies (Ossuary)
  3 goblin zombies (Ossuary)
  2 hobgoblin zombies (Ossuary)
  2 jackal skeletons
  11 kobolds
  5 kobold zombies (Ossuary)
  11 rats
  5 rat zombies (Ossuary)
288 creatures vanquished.

Vanquished Creatures (others)
  A reaper (IceCv)
  A white imp (IceCv)
  6 ufetubi (IceCv)
  4 plants (D:8)
12 creatures vanquished.

Grand Total: 300 creatures vanquished

Notes
Turn   | Place    | Note
-------+----------+-------------------------------------------
     0 | D:1      | Monsterracer the Spriggan Hunter began the quest for the Orb.
     0 | D:1      | Reached XP level 1. HP: 10/10 MP: 2/2
   235 | D:1      | HP: 4/10 [leopard gecko (4)]
   458 | D:1      | Reached XP level 2. HP: 15/15 MP: 3/3
   459 | D:1      | Reached skill level 1 in Short Blades
  1149 | D:1      | Reached XP level 3. HP: 14/18 MP: 4/4
  1407 | D:2      | Found a shadowy altar of Dithmenos.
  1415 | D:2      | Noticed Sigmund
  1510 | D:2      | Became a worshipper of Dithmenos the Shadowed
  1676 | D:2      | HP: 7/18 [worm (11)]
  1721 | D:2      | HP: 6/18 [kobold (3)]
  1968 | D:2      | HP: 9/18 [Sigmund/magic dart (6)]
  2190 | D:2      | HP: 9/18 [Sigmund/magic dart (9)]
  2454 | D:2      | HP: 8/18 [worm (2)]
  2907 | D:2      | HP: 5/18 [Sigmund/magic dart (5)]
  2911 | D:2      | Killed Sigmund
  2911 | D:2      | Reached XP level 4. HP: 7/23 MP: 5/5
  2911 | D:2      | Reached XP level 5. HP: 9/27 MP: 6/6
  3613 | D:2      | Found a glowing silver altar of Zin.
  4054 | D:3      | Reached XP level 6. HP: 29/32 MP: 7/7
  4109 | D:3      | Reached * piety under Dithmenos
  4302 | D:3      | Found a faded altar of an unknown god.
  4563 | D:4      | HP: 13/32 [scorpion (6)]
  4568 | D:4      | HP: 9/32 [poisoned by a scorpion]
  4573 | D:4      | HP: 5/32 [poisoned by a scorpion]
  5072 | D:4      | Found a sand-covered staircase.
  5078 | Ossuary  | Entered an ossuary
  5098 | Ossuary  | HP: 15/32 [mummy (17)]
  5308 | Ossuary  | Reached skill level 1 in Invocations
  5535 | Ossuary  | Reached skill level 5 in Dodging
  5621 | Ossuary  | Reached ** piety under Dithmenos
  5638 | Ossuary  | Reached skill level 5 in Crossbows
  5638 | Ossuary  | Reached XP level 7. HP: 35/35 MP: 8/8
  5829 | Ossuary  | Reached skill level 5 in Stealth
  5955 | Ossuary  | HP: 10/35 [mummy (14)]
  6108 | Ossuary  | HP: 12/35 [mummy (13)]
  6456 | Ossuary  | HP: 13/35 [mummy (6)]
  7212 | D:4      | Found Riqempech's Book Shop.
  7325 | D:5      | Entered Level 5 of the Dungeon
  7325 | D:5      | Found Hoetieka's Antique Armour Emporium.
  7332 | D:5      | Bought a buckler for 117 gold pieces
  7640 | D:5      | HP: 15/36 [phantom (6)]
  7647 | D:5      | HP: 10/36 [phantom (6)]
  7651 | D:5      | Reached skill level 5 in Short Blades
  7773 | D:5      | Reached XP level 8. HP: 26/40 MP: 10/10
  7821 | D:5      | Reached skill level 1 in Shields
  8219 | D:5      | HP: 20/40 [centaur (6)]
  8965 | D:6      | HP: 20/40 [orc warrior/mace (12)]
  9166 | D:6      | HP: 20/40 [orc warrior/tomahawk (5)]
  9375 | D:6      | HP: 17/40 [phantom (6)]
  9384 | D:6      | HP: 15/40 [phantom (3)]
  9628 | D:6      | HP: 16/40 [orc warrior/mace (18)]
  9649 | D:6      | HP: 10/40 [orc warrior/mace (9)]
 10079 | D:6      | Reached *** piety under Dithmenos
 10342 | D:6      | HP: 10/42 [orc warrior/mace (18)]
 10642 | D:6      | HP: 16/42 [orc warrior/long sword (9)]
 11055 | D:7      | HP: 18/42 [wight/dagger of freezing (5)]
 11431 | D:7      | Reached XP level 9. HP: 45/45 MP: 12/12
 12047 | D:6      | HP: 22/45 [killer bee (5)]
 12052 | D:6      | HP: 12/45 [killer bee (6)]
 12061 | D:6      | HP: 11/45 [poisoned by a killer bee]
 12068 | D:6      | HP: 11/45 [poisoned by a killer bee]
 12074 | D:6      | HP: 10/45 [poisoned by a killer bee]
 12347 | D:6      | HP: 12/45 [orc warrior/mace (14)]
 12719 | D:7      | HP: 22/45 [poisoned by a killer bee]
 12726 | D:7      | HP: 21/45 [poisoned by a killer bee]
 12731 | D:7      | HP: 21/45 [poisoned by a killer bee]
 12739 | D:7      | HP: 20/45 [poisoned by a killer bee]
 12928 | D:7      | HP: 17/45 [killer bee (7)]
 12933 | D:7      | HP: 16/45 [killer bee (1)]
 13273 | D:7      | HP: 22/45 [howler monkey skeleton (3)]
 13646 | D:7      | Found a staircase to the Ecumenical Temple.
 14054 | D:6      | HP: 21/46 [orc warrior/long sword (12)]
 14098 | D:6      | HP: 19/46 [orc warrior/long sword (7)]
 14661 | D:8      | Reached **** piety under Dithmenos
 14665 | D:8      | HP: 22/46 [gnoll/halberd (7)]
 15266 | D:8      | Reached XP level 10. HP: 51/51 MP: 14/14
 15940 | D:8      | Identified 2 scrolls of acquirement
 15943 | D:8      | Got a heavily runed cloak
 16178 | D:8      | Identified the +2 cloak of an ossuary {rElec Str-4 SInv} (You acquired it on level 8 of the Dungeon)
 16230 | D:8      | HP: 19/51 [orc priest/divine providence (14)]
 16240 | D:8      | HP: 12/51 [orc priest/divine providence (8)]
 16506 | D:8      | Found a staircase to the Lair.
 16979 | D:9      | HP: 24/51 [ogre/giant club (14)]
 17455 | D:9      | Reached skill level 5 in Invocations
 17593 | D:9      | Learned a level 1 spell: Summon Butterflies
 17598 | D:9      | Found a shimmering altar of Xom.
 17600 | D:9      | Found a white marble altar of Elyvilon.
 17631 | D:9      | Reached skill level 5 in Fighting
 18862 | D:9      | Found a blossoming altar of Fedhas.
 18899 | D:9      | Found a bloodstained altar of Trog.
 19033 | D:9      | Reached skill level 1 in Slings
 19162 | D:10     | Entered Level 10 of the Dungeon
 19302 | D:10     | HP: 20/51 [komodo dragon (31)]
 19321 | D:10     | HP: 2/51 [komodo dragon (20)]
 19695 | Lair:1   | Entered Level 1 of the Lair of Beasts
 19770 | Lair:1   | Noticed Erica
 19777 | Lair:1   | Killed Erica
 19777 | Lair:1   | Reached skill level 5 in Slings
 19853 | Lair:1   | Noticed an eight-headed hydra
 19859 | Lair:1   | Killed an eight-headed hydra
 19859 | Lair:1   | Reached XP level 11. HP: 36/55 MP: 10/15
 19915 | Lair:1   | Found a frozen archway.
 19920 | Lair:1   | Noticed Gastronok
 20024 | IceCv    | Entered an ice cave
 20085 | IceCv    | HP: 27/55 [ufetubus (4)]
 20154 | IceCv    | Killed a reaper
 20476 | IceCv    | HP: 25/55 [ice statue] (13)]
 20912 | IceCv    | Got a pair of distressingly furry gloves
 21258 | IceCv    | HP: 28/56 [something (5)]
 21286 | IceCv    | Got an iridescent mace
 21431 | IceCv    | HP: 21/56 [something (11)]
 21438 | IceCv    | HP: 7/56 [ice devil (12)]
 21438 | IceCv    | HP: 2/56 [ice devil (5)]
 21440 | IceCv    | Slain by an ice devil

Skill      XL: |  1  2  3  4  5  6  7  8  9 10 11 |
---------------+----------------------------------+-----
Stealth        | 2 3 4 5 6 8 9 |  9.7
Short Blades   | 1 3 4 5 6 8 9 |  9.6
Fighting       | 2 3 4 5 |  5.3
Dodging        | 4 5 6 8 9 |  9.4
Invocations    | 1 2 3 4 5 |  5.6
Crossbows      | 5 6 7 |  7.1
Shields        | 1 2 3 |  3.8
Slings         | 6 7 |  7.4

Action                   |  1- 3 |  4- 6 |  7- 9 | 10-12 || total
-------------------------+-------+-------+-------+-------++-------
Melee: Short sword       |   138 |   139 |       |       ||   277
       Rapier            |       |    98 |   789 |   545 ||  1432
       Dagger            |       |       |    20 |     1 ||    21
 Fire: Hand crossbow     |    27 |    17 |    83 |    55 ||   182
       Fustibalus        |       |       |       |    86 ||    86
Invok: Shadow Step       |       |       |       |     2 ||     2
  Use: Scroll            |       |     7 |    10 |     5 ||    22
       Potion            |       |     4 |     1 |     1 ||     6
 Stab: Sleeping          |     9 |    19 |    25 |     7 ||    60
       Distracted        |       |       |     5 |       ||     5
  Eat: Ration            |       |     2 |     5 |     4 ||    11
Armor: Robe              |    12 |    13 |    60 |    51 ||   136
Dodge: Dodged            |    99 |   172 |   618 |   462 ||  1351
Block: Buckler           |       |       |   144 |   190 ||   334

Vault maps used:
D:1:      nzn_arrival_settlement
D:2:      nicolae_overflow_hidden_temple, first_ration, grunt_dithmenos_smoke,
          uniq_sigmund
D:3:      chequers_ecumenical_altar_simple
D:4:      serial_shops, nicolae_shop_behind_doors, enter_ossuary_5,
          kennysheep_generic_room_9
D:5:      serial_shops, shop
D:7:      minmay_temple_entry_nine_rooms
D:8:      david_lair_shrubbed
D:9:      minitemple, chequers_temple_overflow_statue_of_worship
D:10:     tgw_fedhas
Lair:1:   portal_ice_cave_demonic_guard, beast_lair_carwin_5, uniq_erica,
          uniq_gastronok
Ossuary:  ossuary_boxes_badplayer
IceCv:    ice_cave_small_demon
